 Dungeon Crawl Stone Soup version 0.20.1-1-g8b1a95d (webtiles) character file.

1122 TheReaper the Spear-Bearer (level 8, -3/68 HPs)
             Began as a Hill Orc Fighter on Dec 20, 2017.
             Killed by divine providence
             ... invoked by an orc priest
              (12 damage)
             ... on level 7 of the Dungeon.
             The game lasted 00:16:58 (5639 turns).

TheReaper the Spear-Bearer (Hill Orc Fighter)       Turns: 5639, Time: 00:16:58

Health: -3/68      AC: 11    Str: 21    XL:     8   Next: 35%
Magic:  7/7        EV:  8    Int: 13    God:
Gold:   319        SH:  0    Dex: 10    Spells: 7/7 levels left

rFire    . . .     SeeInvis .   o - +4 scythe
rCold    . . .     Gourm    .   (shield currently unavailable)
rNeg     . . .     Faith    .   n - +0 chain mail
rPois    +         Spirit   .   (no helmet)
rElec    .         Reflect  .   (no cloak)
rCorr    .         Harm     .   t - +0 pair of gloves
MR       .....                  (no boots)
Stlth    ..........             (no amulet)
Regen    0.3/turn               e - +3 ring of intelligence
MPRegen  0.1/turn               h - +3 ring of slaying

@: berserk cooldown, slowed, very slow
A: clever 1, low mp 1, poison resistance, wild magic 1
a: Convert to Beogh


You were on level 7 of the Dungeon.
You were not hungry.

You visited 1 branch of the dungeon, and saw 7 of its levels.

You collected 319 gold pieces.

Inventory:

Hand Weapons
 a - the +0 trident of Extinguishment {venom, rF+ Str+3 Int+2}
   (You found it on level 5 of the Dungeon)

   It poisons the flesh of those it strikes.
   It affects your strength (+3).
   It affects your intelligence (+2).
   It protects you from fire.
 o - a +4 scythe (weapon)
 r - a +0 blowgun
Armour
 n - a +0 chain mail (worn)
 t - a +0 pair of gloves (worn)
Jewellery
 e - a +3 ring of intelligence (left hand)
 h - a +3 ring of slaying (right hand)
Wands
 g - a wand of polymorph (16/24)
 i - a wand of random effects (28/48)
 s - a wand of paralysis (8/24)
Scrolls
 j - 5 scrolls of remove curse
 m - a scroll of immolation
 w - a scroll of teleportation
Potions
 b - a potion of magic
 d - a potion of ambrosia
 k - 3 potions of might
 p - a potion of berserk rage
 u - a potion of brilliance
Comestibles
 f - 8 bread rations
 q - 2 meat rations
 v - 5 fruits


   Skills:
 + Level 5.1 Fighting
 * Level 8.4 Polearms
 - Level 4.9 Armour
 * Level 2.6 Dodging
 - Level 0.1 Stealth
   Level 4.0 Shields


You had 7 spell levels left.
You didn't know any spells.

Dungeon Overview and Level Annotations

Branches:
Dungeon (7/15)
 Temple: D:4-7

Altars:
Cheibriados
Fedhas
Uskayaw
The Shining One

Annotations:
D:2 Robin


Innate Abilities, Weirdness & Mutations

Your mind is acute. (Int +2)
Your magical capacity is low. (-10% MP)
Your system is resistant to poisons. (rPois)
Your spells are a little harder to cast, but a little more powerful.


Message History

You kill the orc!
You are no longer berserk.
You are exhausted.
You feel yourself slow down.
The orc priest shouts, "Surrender to Beogh and we'll let you live!"
The orc hits you from afar with a trident.
* * * LOW HITPOINT WARNING * * *
The orc priest invokes the aid of Beogh against you.
Pain shoots through your body!
* * * LOW HITPOINT WARNING * * *
You feel better. The orc barely misses you.
The orc priest mumbles some strange prayers to Beogh against you.
Pain shoots through your body!
* * * LOW HITPOINT WARNING * * *
The orc hits you from afar with a trident.
* * * LOW HITPOINT WARNING * * *
You closely miss the orc priest.
The orc priest calls down the wrath of Beogh upon you.
Beogh smites you!
You die...

##............#
.............# ......#
.##..........# ....... #
#.........[# ##.......
##..........###........
##....)....(..##........
##.#####.#..#.##.o......
##.# #.#>.#.##o.......
...# #.#..#...@# .###
#.#.....### .# #.#.#....
.# ......... .. #
#.#....## #. #......# #.
#.#...## . #.##... ..


You could see an orc priest and an orc.

Vanquished Creatures
  Duvessa (D:5)
  An orc warrior (D:7)
  A sky beast (D:6)
  An ogre (D:4)
  2 bullfrogs (D:6)
  Dowan (D:5)
  A scorpion (D:6)
  A howler monkey (D:5)
  A crimson imp (D:7)
  3 orc priests
  2 worker ants
  An iguana (D:4)
  2 orc wizards
  A howler monkey skeleton (D:4)
  11 adders
  A shadow imp (D:5)
  2 adder skeletons
  5 worms
  A dart slug (D:3)
  4 leopard geckos
  13 orcs
  3 ball pythons
  4 giant cockroaches
  17 goblins
  8 hobgoblins
  2 jackals (D:1)
  2 quokkas
  7 bats
  4 frilled lizards
  6 kobolds
  2 quokka skeletons
  4 rats
115 creatures vanquished.

Notes
Turn   | Place    | Note
-------+----------+-------------------------------------------
     0 | D:1      | TheReaper the Hill Orc Fighter began the quest for the Orb.
     0 | D:1      | Reached XP level 1. HP: 19/19 MP: 1/1
   164 | D:1      | Reached XP level 2. HP: 27/27 MP: 2/2
   786 | D:2      | Reached XP level 3. HP: 19/33 MP: 3/3
  1428 | D:2      | You fall through a shaft for 2 floors!
  1556 | D:4      | Reached skill level 3 in Polearms
  1556 | D:4      | Reached XP level 4. HP: 23/40 MP: 4/4
  1973 | D:2      | Reached XP level 5. HP: 46/46 MP: 5/5
  1984 | D:2      | Found a hide-covered altar of Uskayaw.
  2034 | D:2      | Noticed Robin
  2368 | D:3      | Reached skill level 4 in Polearms
  2998 | D:4      | Noticed an ogre
  3004 | D:4      | Killed an ogre
  3004 | D:4      | Reached skill level 1 in Dodging
  3004 | D:4      | Reached XP level 6. HP: 5/52 MP: 6/6
  3357 | D:4      | Reached skill level 5 in Polearms
  4074 | D:5      | Entered Level 5 of the Dungeon
  4079 | D:5      | Got a warped trident
  4080 | D:5      | Identified the cursed +0 trident of Extinguishment {venom, rF+ Str+3 Int+2} (You found it on level 5 of the Dungeon)
  4092 | D:5      | Found a glowing golden altar of the Shining One.
  4092 | D:5      | Found a snail-covered altar of Cheibriados.
  4130 | D:5      | Noticed Duvessa
  4130 | D:5      | Noticed Dowan
  4135 | D:5      | Killed Duvessa
  4135 | D:5      | Reached skill level 6 in Polearms
  4135 | D:5      | Reached XP level 7. HP: 52/60 MP: 7/7
  4449 | D:5      | Killed Dowan
  4892 | D:6      | Reached skill level 7 in Polearms
  4973 | D:6      | Found a blossoming altar of Fedhas.
  4990 | D:6      | Reached skill level 5 in Fighting
  4990 | D:6      | Reached XP level 8. HP: 31/68 MP: 8/8
  4999 | D:6      | Gained mutation: Your magical capacity is low. (-10% MP) [mutagenic meat]
  5000 | D:6      | Gained mutation: Your system is resistant to poisons. (rPois) [mutagenic meat]
  5002 | D:6      | Gained mutation: Your spells are a little harder to cast, but a little more powerful. [mutagenic meat]
  5003 | D:6      | Gained mutation: Your mind is acute. (Int +2) [mutagenic meat]
  5582 | D:7      | Reached skill level 8 in Polearms
  5639 | D:7      | Killed from afar by an orc priest

Skill      XL: |  1  2  3  4  5  6  7  8 |
---------------+-------------------------+-----
Armour         | 4 |  4.9
Fighting       | 4 5 |  5.1
Polearms       | 3 4 6 7 8 |  8.4
Shields        | 4 |  4.0
Dodging        | 1 2 |  2.6
Stealth        | |  0.1

Action                   |  1- 3 |  4- 6 |  7- 9 || total
-------------------------+-------+-------+-------++-------
Melee: Trident           |   122 |   130 |       ||   252
       Scythe            |       |    53 |    85 ||   138
  Use: Scroll            |     7 |     7 |     7 ||    21
       Potion            |     1 |     4 |     2 ||     7
  Eat: Chunk             |     2 |     5 |     7 ||    14
       Bread ration      |       |     1 |       ||     1
       Royal jelly       |       |       |     1 ||     1
Armor: Scale mail        |    53 |    88 |       ||   141
       Chain mail        |       |     2 |    76 ||    78
Dodge: Dodged            |    28 |    74 |    44 ||   146
Block: Shield            |    61 |    70 |       ||   131
